 Dungeon Crawl Stone Soup version 0.18.1-48-g4cf74bf (webtiles) character file.

6017 Joat the Martial Artist (level 10, 0/126 HPs)
             Began as a Purple Draconian Transmuter on Aug 19, 2016.
             Was a Priest of Qazlal.
             Slain by an orc warrior
             ... wielding a +0 hand axe of chopping
              (1 damage)
             ... on level 9 of the Dungeon.
             The game lasted 01:09:05 (9823 turns).

Joat the Martial Artist (DrTm)                      Turns: 9823, Time: 01:09:07

Health: 0/126      AC: 25    Str: 13    XL:     10   Next: 56%
Magic:  17/17      EV:  2    Int: 14    God:    Qazlal [***...]
Gold:   333        SH:  3    Dex: 14    Spells: 3 memorised, 11 levels left

rFire  . . .     SeeInvis .       - Unarmed
rCold  . . .     Gourm    +     (armour unavailable)
rNeg   + + +     Faith    .     (no shield)
rPois  +         Spirit   .     (helmet currently unavailable)
rElec  .         Dismiss  .     (cloak currently unavailable)
rCorr  .         Reflect  .     (gloves currently unavailable)
SustAt .         Harm     .     (boots currently unavailable)
MR     +....     NoTele   +     v - amulet of the gourmand
Stlth  +.........               q - ring of poison resistance
                                (no ring)

@: tree-form, somewhat resistant to hostile enchantments, very unstealthy
A: (breathe power), unfitting armour, (cold-blooded), AC +7
a: Upheaval, Elemental Force, Renounce Religion


You were on level 9 of the Dungeon.
You worshipped Qazlal.
Qazlal was most pleased with you.
You were completely stuffed.
You were a tree.
You visited 1 branch of the dungeon, and saw 9 of its levels.

You collected 333 gold pieces.

Inventory:

Hand Weapons
 K - the cursed +1 great sword of Dim Light {slice, Str+5 SInv, unknown}
   (You found it on level 9 of the Dungeon)

   It inflicts extra damage upon your enemies.
   It affects your strength (+5).
   It lets you see invisible.
   It has a curse placed upon it.
Missiles
 a - 219 arrows
 y - 3 needles of sleeping
Armour
 i - a +0 pair of gloves (melded)
 j - a +0 cloak (melded)
 F - a +2 pair of boots (melded)
Jewellery
 l - an uncursed ring of protection from magic
 o - an uncursed amulet of guardian spirit
 q - a ring of poison resistance (right branch)
 v - an amulet of the gourmand (around neck)
Wands
 E - a wand of lightning (12/15)
 H - a wand of flame (8/48)
Scrolls
 d - 2 scrolls of amnesia
 e - 4 scrolls of blinking
 f - 2 scrolls of noise
 h - 7 scrolls of remove curse
 k - 2 scrolls of fog
 n - 2 scrolls of random uselessness
 p - a scroll of enchant weapon
 r - 2 scrolls of recharging
 t - 5 scrolls of identify
Potions
 m - 2 potions of haste
 w - 3 potions of degeneration
 z - a potion of cancellation
 A - a potion of resistance
Books
 b - a book of Changes

   Spells                             Type                      Level
   a - Beastly Appendage              Transmutation                1
   b - Sticks to Snakes               Transmutation                2
   c - Spider Form                    Transmutation/Poison         3
   d - Ice Form                       Ice/Transmutation            4
   e - Blade Hands                    Transmutation                5
 C - a book of Burglary

   Spells                             Type                      Level
   a - Swiftness                      Charms/Air                   2
   b - Passwall                       Transmutation/Earth          2
   c - Passage of Golubria            Translocation                4
   d - Lee's Rapid Deconstruction     Earth                        5
   e - Darkness                       Hexes                        6
   f - Invisibility                   Hexes                        6
Miscellaneous
 I - a lamp of fire
Comestibles
 c - 13 bread rations
 g - 2 royal jellies
 s - 10 beef jerkies
 x - 2 slices of pizza
 D - 3 chunks of flesh
 G - 2 meat rations
 J - 5 fruits


   Skills:
 + Level 6.7 Fighting
 + Level 7.6 Dodging
 * Level 9.0 Unarmed Combat
 + Level 5.1 Spellcasting
 - Level 5.1 Transmutations
 + Level 3.9 Ice Magic
 - Level 4.7 Poison Magic


You had 11 spell levels left.
You knew the following spells:

 Your Spells              Type           Power        Failure   Level  Hunger
c - Ice Form              Ice/Trmt       ###.....     30%         4    ####...
q - Beastly Appendage     Trmt           ###...       2%          1    None
v - Spider Form           Trmt/Pois      ###.......   10%         3    ###....


Dungeon Overview and Level Annotations

Branches:
Dungeon (9/15)             Temple (0/1) D:5             Orc (0/2) D:9
   Lair: D:8-11

Altars:
Ashenzari
Dithmenos
Fedhas
Gozag
Qazlal
Ru
Sif Muna
Trog
Xom
The Shining One


Innate Abilities, Weirdness & Mutations

((You can breathe bolts of dispelling energy.))
((Your rich purple scales are hard (AC +7).))
Your body does not fit into most forms of armour.
((You are cold-blooded and may be slowed by cold attacks.))


Message History

Unknown command.
Drink which item? (? for menu, Esc to quit)
Okay, then.
Aiming: Upheaval
Press: ? - help, Dir - move target cursor, f - you That would be overly suicidal.
Okay, then.
Drink which item? (? for menu, Esc to quit)
Your transformation has ended.
Your +0 cloak unmelds from your body.
Your +0 pair of gloves unmelds from your body.
Your +2 pair of boots unmelds from your body.
You turn into a tree.
Your +0 cloak melds into your body.
Your +0 pair of gloves melds into your body.
Your +2 pair of boots melds into your body.
Your roots penetrate the ground.
Something hits you.
* * * LOW HITPOINT WARNING * * *
The orc warrior hits you with a hand axe of chopping.
* * * LOW HITPOINT WARNING * * *
You die...

# #.......# ..... ##
......#..# ......
..##### .#......##..#
...... .o.....
............##
.........#.....
......#####..##
#............... ....##
##..## .....>..........
..###
#.#..##................
###
...##.†o§......o........
# #.... ##.♣#.......
..o..h. #....
##.[.........#.....
#.....
#...........#.<...
.....#
............)o....
.#........#####... ..
#./.... ##.. .# ......
##. .# ...>.. ##


You could see an orc warrior.

Vanquished Creatures
  Erica (D:8)
  A hill giant (D:7)
  Psyche (D:8)
  A troll (D:7)
  A two-headed ogre (D:8)
  Eustachio (D:4)
  Grum (D:9)
  2 wargs
  A water moccasin (D:7)
  3 orc warriors
  Duvessa (D:5)
  A black bear (D:7)
  3 ice beasts
  2 wolves (D:9)
  4 centaurs
  2 ogres
  A big kobold (D:8)
  2 giant frogs (D:9)
  Dowan (D:5)
  2 scorpions
  10 killer bees (D:7)
  3 wights (D:8)
  A centaur zombie (D:8)
  A crimson imp (D:5)
  A giant frog zombie (D:9)
  4 jellies
  3 orc priests
  3 hounds
  7 orc wizards
  5 iguanas
  5 worker ants
  Natasha (thrice) (D:3)
  2 hound zombies
  A hound skeleton (D:5)
  Robin (D:3)
  3 gnolls (D:3)
  A howler monkey skeleton (D:7)
  12 adders
  An ooze (D:3)
  An adder zombie (D:7)
  An adder skeleton (D:4)
  4 worms
  The ghost of pedritolo the Charlatan, a weakling FoAr (D:7)
  3 dart slugs
  4 giant geckos
  37 orcs
  6 giant cockroaches
  13 goblins
  7 hobgoblins
  10 jackals
  A quokka (D:6)
  2 ball pythons
  2 bats (D:2)
  4 giant newts
  9 kobolds
  A quokka skeleton (D:6)
  5 rats
210 creatures vanquished.

Notes
Turn   | Place    | Note
--------------------------------------------------------------
     0 | D:1      | Joat the Draconian Transmuter began the quest for the Orb.
     0 | D:1      | Reached XP level 1. HP: 16/16 MP: 3/3
   313 | D:1      | Reached XP level 2. HP: 23/23 MP: 5/5
   882 | D:2      | Found a bloodstained altar of Trog.
  1733 | D:3      | Found a shattered altar of Ashenzari.
  1742 | D:3      | Reached XP level 3. HP: 24/28 MP: 6/6
  1748 | D:3      | Learned a level 3 spell: Spider Form
  2101 | D:3      | Reached skill level 4 in Unarmed Combat
  2101 | D:3      | Reached XP level 4. HP: 26/35 MP: 7/7
  2193 | D:3      | Reached skill level 1 in Poison Magic
  2224 | D:3      | Noticed Natasha
  2232 | D:3      | Killed Natasha
  2269 | D:3      | Noticed Natasha
  2273 | D:3      | Killed Natasha
  2273 | D:3      | Reached XP level 5. HP: 36/41 MP: 4/8
  2288 | D:3      | Noticed Natasha
  2297 | D:3      | Killed Natasha
  2757 | D:3      | Noticed Robin
  2808 | D:2      | HP: 2/42 [hobgoblin/club[Robin] (4)]
  3104 | D:3      | Killed Robin
  3365 | D:3      | Reached XP level 6. HP: 49/49 MP: 5/9
  3981 | D:4      | Reached skill level 5 in Unarmed Combat
  4395 | D:5      | Entered Level 5 of the Dungeon
  4405 | D:5      | Noticed Dowan
  4416 | D:5      | Noticed Duvessa
  4469 | D:5      | Your scales start taking on a rich purple colour.
  4469 | D:5      | Reached XP level 7. HP: 48/56 MP: 6/10
  4524 | D:5      | Killed Duvessa
  4532 | D:5      | Killed Dowan
  4745 | D:5      | Found a stormy altar of Qazlal.
  4758 | D:5      | Became a worshipper of Qazlal Stormbringer
  4934 | D:5      | Found a staircase to the Ecumenical Temple.
  5072 | D:5      | Noticed Eustachio
  5105 | D:4      | Killed Eustachio
  5105 | D:4      | Reached skill level 6 in Unarmed Combat
  5286 | D:5      | Reached XP level 8. HP: 63/63 MP: 9/12
  5515 | D:6      | Learned a level 4 spell: Ice Form
  6024 | D:6      | Reached * piety under Qazlal
  6121 | D:7      | Reached skill level 5 in Dodging
  6123 | D:7      | Noticed a troll
  6133 | D:7      | Noticed pedritolo's ghost (weakling FoAr)
  6138 | D:7      | Killed pedritolo's ghost
  6159 | D:7      | Killed a troll
  6497 | D:7      | Noticed a hill giant
  6508 | D:7      | Killed a hill giant
  6508 | D:7      | Reached skill level 7 in Unarmed Combat
  6508 | D:7      | Reached XP level 9. HP: 73/73 MP: 11/14
  6574 | D:7      | Reached skill level 5 in Fighting
  6923 | D:7      | Found a shadowy altar of Dithmenos.
  6992 | D:7      | Reached skill level 5 in Transmutations
  7090 | D:7      | Reached ** piety under Qazlal
  7372 | D:7      | Reached skill level 1 in Ice Magic
  7629 | D:7      | Found a shimmering altar of Xom.
  7631 | D:7      | Found a deep blue altar of Sif Muna.
  7631 | D:7      | Found an opulent altar of Gozag.
  7631 | D:7      | Found a shadowy altar of Dithmenos.
  7631 | D:7      | Found a glowing golden altar of the Shining One.
  7632 | D:7      | Found a sacrificial altar of Ru.
  7999 | D:8      | Noticed Psyche
  8009 | D:8      | Killed Psyche
  8009 | D:8      | Reached skill level 8 in Unarmed Combat
  8230 | D:8      | Reached XP level 10. HP: 75/83 MP: 10/16
  8600 | D:8      | Noticed Erica
  8622 | D:8      | Killed Erica
  9063 | D:9      | Found a staircase to the Orcish Mines.
  9472 | D:9      | Reached skill level 5 in Spellcasting
  9509 | D:9      | Noticed Grum
  9521 | D:9      | Killed Grum
  9600 | D:9      | Reached *** piety under Qazlal
  9614 | D:9      | Found a blossoming altar of Fedhas.
  9680 | D:9      | Reached skill level 9 in Unarmed Combat
  9800 | D:9      | Got a smoking great sword
  9822 | D:9      | HP: 4/84 [something (8)]
  9823 | D:9      | HP: 1/126 [orc warrior/hand axe of chopping (4)]
  9823 | D:9      | Slain by an orc warrior

Skill      XL: |  1  2  3  4  5  6  7  8  9 10 |
---------------+-------------------------------+-----
Dodging        | 2 3 4 6 7 |  7.6
Unarmed Combat | 4 5 6 7 8 9 |  9.0
Poison Magic   | 1 2 3 4 |  4.7
Transmutations | 3 4 5 |  5.1
Fighting       | 2 3 4 5 6 |  6.7
Spellcasting   | 3 4 5 |  5.1
Ice Magic      | 2 3 |  3.9

Action                   |  1- 3 |  4- 6 |  7- 9 | 10-12 || total
-------------------------+-------+-------+-------+-------++-------
Melee: Unarmed           |   153 |   206 |   365 |   168 ||   892
       Tailslap          |    13 |    18 |     7 |     5 ||    43
       Punch             |     2 |     4 |     3 |     3 ||    12
       Kick              |     2 |     1 |       |       ||     3
       Headbutt          |     1 |     2 |     4 |     4 ||    11
 Cast: Beastly Appendage |     4 |     3 |     1 |     3 ||    11
       Spider Form       |       |    17 |    27 |    10 ||    54
       Ice Form          |       |       |     2 |       ||     2
 Abil: Breathe Dispellin |       |       |     1 |       ||     1
  Use: Potion            |       |     3 |    14 |     2 ||    19
       Scroll            |       |       |    10 |     1 ||    11
 Stab: Sleeping          |       |     1 |       |       ||     1
  Eat: Chunk             |     4 |    25 |    17 |     6 ||    52
Armor: Skin              |    45 |    24 |    69 |    16 ||   154
Dodge: Dodged            |    98 |   162 |   289 |   128 ||   677
Block: Other             |       |       |    16 |    24 ||    40
